Map: Para Site LE

Players

JadeFang - Winner!

  • Race: Zerg Zerg
  • League: Diamond
  • Spawn Location: 5:00

derrick

  • Race: Zerg Zerg
  • League: Diamond
  • Spawn Location: 11:00

VOD

https://www.twitch.tv/videos/302259846?t=00h13m00s

Description

Witness as an epic game of strategy quickly devolves into fighting over who can bite a rock last.

Time

  • Played on: Aug. 26, 2018, 4:48 p.m.
  • Length: 7:01
Show
View Real Time Build Order
Export as new Build Order

JadeFang Zerg - Winner!

Build Orders: Pool Only 

Get SALT Encoding   

  12  0:01  Drone  
  13  0:23  Spawning Pool  
  13  0:26  Drone  
  13  0:34  Overlord  
  13  0:37  Drone  
  14  0:52  Drone  
  15  1:10  Zergling x6  
  18  1:35  Zergling x4  
  20  1:58  Spine Crawler  
  19  2:09  Spine Crawler  
  19  2:10  Spine Crawler x2  
  19  2:11  Spine Crawler  
  19  2:12  Spine Crawler  
  13  2:28  Zergling x6  
  15  3:25  Extractor  
  14  3:35  Extractor  
Show
View Real Time Build Order
Export as new Build Order

derrick Zerg 

Build Orders: Pool Only 

Get SALT Encoding   

  12  0:17  Spawning Pool  
  11  0:22  Drone  
  11  0:26  Drone  
  13  0:30  Drone  
  14  0:40  Overlord  
  14  1:04  Zergling x4  
  14  1:05  Zergling x2  
  17  1:22  Zergling x2  
  18  1:27  Zergling x2  
  19  1:38  Zergling x2  
  20  1:53  Spine Crawler x2  
  18  1:54  Zergling x2  
  19  2:05  Zergling x2  
  20  2:16  Zergling x2  
  21  2:31  Zergling x2  
  20  2:53  Zergling x2  
  20  2:56  Zergling x2  
  22  3:05  Extractor  
Tags
 
Matchup
ZvZ
Race
Zerg
Spawn Locations
Cross Positions
Strategy
Cheese
Add a new tag
Caveats
  • Supply blocks, unpowered buildings, or Contaminate may cause inaccurate times.
  • Supply counts are checked every 10 seconds.